 Dungeon Crawl Stone Soup version 0.18.1-8-gdd0e5ea (webtiles) character file.

239 Jerry the Skirmisher (level 6, 0/51 HPs)
             Began as a Formicid Fighter on May 27, 2016.
             Slain by Zeloya's ghost (13 damage)
             ... on level 3 of the Dungeon.
             The game lasted 00:08:01 (2142 turns).

Jerry the Skirmisher (Formicid Fighter)             Turns: 2142, Time: 00:08:01

Health: 0/51       AC:  7    Str: 27    XL:     6   Next: 29%
Magic:  6/6        EV:  8    Int:  8    God:
Gold:   105        SH:  9    Dex: 10    Spells: 0 memorised, 5 levels left

rFire  . . .     SeeInvis +     a - +0 long sword
rCold  . . .     Gourm    .     b - +0 scale mail
rNeg   + . .     Faith    .     c - +0 shield
rPois  .         Spirit   .     (helmet unavailable)
rElec  .         Dismiss  .     (no cloak)
rCorr  .         Reflect  .     (no gloves)
SustAt .         Harm     .     (no boots)
MR     .....                    (no amulet)
Stlth  ..........               m - ring of positive energy
                                (no ring)

@: mighty, lethally poisoned (0 -> -8), drained, not resistant to hostile
enchantments, extremely unstealthy
A: permanent stasis, dig shafts and tunnels, four strong arms, antennae 3
a: Dig, Shaft Self


You were on level 3 of the Dungeon.
You were not hungry.

You visited 1 branch of the dungeon, and saw 3 of its levels.

You collected 105 gold pieces.

Inventory:

Hand Weapons
 a - a +0 long sword (weapon)
Missiles
 l - 8 poisoned tomahawks (quivered)
Armour
 b - a +0 scale mail (worn)
 c - a +0 shield (worn)
Jewellery
 j - an uncursed ring of fire
 m - a ring of positive energy (right hand)
Scrolls
 d - 3 scrolls of identify
 e - a scroll of fog
 h - a scroll of enchant weapon {unknown}
 o - a scroll of recharging {unknown}
Potions
 i - a potion of flight
 k - 3 potions of curing {unknown}
 p - a potion of heal wounds {unknown}
Comestibles
 f - a bread ration
 g - 4 meat rations


   Skills:
 + Level 5.0(4.5) Fighting
 + Level 3.6(3.1) Long Blades
 + Level 5.0(4.5) Armour
 - Level 3.6(3.1) Shields


You had 5 spell levels left.
You didn't know any spells.

Dungeon Overview and Level Annotations

Branches:
Dungeon (3/15)

Altars:
Makhleb

Annotations:
D:3 Zeloya's ghost, amateur KoCK


Innate Abilities, Weirdness & Mutations

You are under a permanent stasis effect.
You can dig through walls and to a lower floor.
Your four strong arms can wield two-handed weapons with a shield.
You have a pair of large antennae on your head (SInv).


Message History

You see here a dagger.
You see here a dagger.
You see here a dagger.
You hit Zeloya's ghost.
Zeloya's ghost is lightly damaged.
Zeloya's ghost hits you but does no damage.
Zeloya's ghost hits you.
* * * LOW HITPOINT WARNING * * *
You partially resist.
You feel drained.
You slash Zeloya's ghost!
Zeloya's ghost is moderately damaged.
Zeloya's ghost hits you.
* * * LOW HITPOINT WARNING * * *
You are poisoned.
Drink which item? (? for menu, Esc to quit)
You feel very mighty all of a sudden.
You feel sick.
Zeloya's ghost hits you but does no damage.
You are electrocuted!
You die...

......#### #. ........##
......####.# .........## #
...........##### #.# #.....###.#
.##.....##.....# #.# #.........#
...............###.###.........#
........#......##..............#
..................#............#
....#.#.........@..............#
..$.......).....#W.............#
..........#.......).รท.....######
###......##........<......#
##........#.........<...#
#..>......#.............#
#........###.#..........#
#.......)..............##
#$.##..##.#####..........#


You could see Zeloya's ghost.

Vanquished Creatures
  A hound (D:2)
  Natasha (thrice) (D:2)
  Terence (D:2)
  5 adders
  An ooze (D:1)
  2 worms (D:2)
  2 dart slugs (D:1)
  3 giant geckos
  7 bats
  A giant cockroach (D:1)
  6 goblins
  7 hobgoblins
  3 giant newts
  10 kobolds
  3 rats
55 creatures vanquished.

Notes
Turn   | Place    | Note
--------------------------------------------------------------
     0 | D:1      | Jerry the Formicid Fighter began the quest for the Orb.
     0 | D:1      | Reached XP level 1. HP: 18/18 MP: 1/1
   185 | D:1      | Reached XP level 2. HP: 24/24 MP: 2/2
   603 | D:1      | Reached XP level 3. HP: 25/30 MP: 3/3
  1013 | D:2      | Reached XP level 4. HP: 31/37 MP: 4/4
  1212 | D:2      | Noticed Terence
  1220 | D:2      | Killed Terence
  1318 | D:2      | Found a burning altar of Makhleb.
  1322 | D:2      | Reached XP level 5. HP: 38/43 MP: 5/5
  1485 | D:2      | Noticed Natasha
  1494 | D:2      | Killed Natasha
  1597 | D:2      | Noticed Natasha
  1604 | D:2      | Killed Natasha
  1612 | D:2      | Noticed Natasha
  1620 | D:2      | Killed Natasha
  1620 | D:2      | Reached XP level 6. HP: 23/50 MP: 6/6
  1802 | D:3      | Reached skill level 5 in Fighting
  1809 | D:3      | Reached skill level 5 in Armour
  1887 | D:3      | Found a faded altar to an unknown god.
  1923 | D:3      | Noticed Zeloya's ghost (amateur KoCK)
  2142 | D:3      | Slain by Zeloya's ghost

Skill      XL: |  1  2  3  4  5  6 |
---------------+-------------------+-----
Fighting       | 4 5 |  5.0
Armour         | 4 5 |  5.0
Long Blades    | 3 |  3.6
Shields        | |  3.6

Action                   |  1- 3 |  4- 6 || total
-------------------------+-------+-------++-------
Melee: Long sword        |   114 |   130 ||   244
  Use: Scroll            |     2 |     1 ||     3
       Potion            |       |     2 ||     2
  Eat: Chunk             |       |     4 ||     4
Armor: Scale mail        |    57 |    71 ||   128
Dodge: Dodged            |    40 |    52 ||    92
Block: Shield            |    58 |    94 ||   152
